[Event "Titled Tuesday Blitz May 23 Early 2023"]
[White "Zaitsev, Alexander"]
[Black "DIM90"]
[WhiteFideId "4164490"]
[WhiteElo "2373"]
[BlackElo "2278"]
[Result "0-1"]
[Round "11"]
[TimeControl "180+2"]
[Date "2023.05.23"]
[WhiteClock "0:00:00"]
[BlackClock "0:00:06"]

1. e4 e5 2. Nc3 Nf6 3. Bc4 Nxe4 4. Qh5 Nd6 5. Qxe5+ Qe7 6. Qxe7+ Bxe7 7. Bb3 Nf5 8. Nf3 c6 9. O-O d5 10. Re1 Be6 11. Ne2 Na6 12. c3 Nc5 13. Bc2 O-O 14. Nf4 Nd6 15. d3 Rae8 16. b4 Bf6 17. bxc5 Bxc3 18. cxd6 Bxa1 19. Ba3 Bc3 20. Rb1 b6 21. d7 Bxd7 22. Bxf8 Kxf8 23. d4 g6 24. h3 f6 25. Rd1 Bb4 26. g4 Bd6 27. Nd3 Re2 28. Rd2 Rxd2 29. Nxd2 c5 30. dxc5 bxc5 31. Nb1 c4 32. Nb2 Bb4 33. a3 Ba5 34. Na4 d4 35. Nc5 d3 36. Nxd7+ Ke7 37. Bxd3 cxd3 38. Nc5 d2 39. Nxd2 Bxd2 40. Kf1 Bc1 41. a4 Ba3 42. Nd3 Kd6 43. Ke2 Kd5 44. Ke3 Bc5+ 45. Kd2 Bd4 46. h4 a5 47. f3 Kc4 48. f4 Kb3 49. h5 Kxa4 50. h6 Kb3 51. Nc1+ Kc4 52. Ne2 a4 53. Kc2 a3 54. Kb1 Bc5 55. Ka2 Kd3 56. Ng3 Ke3 57. f5 g5 58. Nh5 Be7 0-1


[Site "https://www.chess.com"]

[Event "Titled Tuesday Blitz May 23 Early 2023"]
[White "Nugumanov, Bakhtiyar"]
[Black "Tarasova, Viktoriya"]
[WhiteFideId "13701797"]
[BlackFideId "4175840"]
[WhiteElo "2209"]
[BlackElo "2182"]
[Result "0-1"]
[Round "11"]
[TimeControl "180+2"]
[Date "2023.05.23"]
[WhiteClock "0:00:00"]
[BlackClock "0:00:03"]

1. Nf3 Nf6 2. c4 e6 3. g3 b6 4. Bg2 Bb7 5. O-O c5 6. Nc3 Be7 7. Re1 O-O 8. e4 d6 9. d4 cxd4 10. Nxd4 Qc8 11. b3 Nbd7 12. Bb2 a6 13. Qe2 Re8 14. Rad1 Qc7 15. f4 Rad8 16. e5 dxe5 17. fxe5 Bc5 18. Na4 Bxg2 19. Kxg2 Qb7+ 20. Qf3 Qxf3+ 21. Kxf3 Nxe5+ 22. Rxe5 Nd7 23. Ree1 e5 24. Nxc5 Nxc5 25. Nc6 e4+ 26. Rxe4 Ra8 27. Rxe8+ Rxe8 28. Ne7+ Kf8 29. Nf5 g6 30. Nd6 Rb8 31. Ne4 Ne6 32. Be5 Rc8 33. Rd7 Ra8 34. h4 h6 35. Nf6 b5 36. Nd5 bxc4 37. bxc4 Rc8 38. Nc7 Nxc7 39. Rxc7 Re8 40. Kf4 Kg8 41. g4 g5+ 0-1


[Site "https://www.chess.com"]

[Event "Titled Tuesday Blitz May 23 Early 2023"]
[White "Matveeva, Olga"]
[Black "Ciuffoletti, Paolo"]
[WhiteFideId "24107018"]
[BlackFideId "807630"]
[WhiteElo "2009"]
[BlackElo "2143"]
[Result "1-0"]
[Round "11"]
[TimeControl "180+2"]
[Date "2023.05.23"]
[WhiteClock "0:01:01"]
[BlackClock "0:00:10"]

1. d4 d5 2. c4 c6 3. Nf3 Nf6 4. e3 Bf5 5. Nc3 e6 6. Nh4 Be4 7. f3 Bg6 8. Qb3 Qb6 9. c5 Qc7 10. Bd2 Nbd7 11. Nxg6 hxg6 12. f4 b6 13. cxb6 axb6 14. Rc1 Be7 15. Bd3 g5 16. O-O gxf4 17. exf4 O-O 18. Bb1 Ne8 19. Nb5 Qb7 20. Qc2 Ndf6 21. Qxc6 Qb8 22. f5 Nd6 23. Bf4 Rc8 24. Qxc8+ Qxc8 25. Rxc8+ Rxc8 1-0


[Site "https://www.chess.com"]

[Event "Titled Tuesday Blitz May 23 Early 2023"]
[White "Vargas, Gabriela"]
[Black "Ginzburg, Yakov"]
[WhiteFideId "3700860"]
[BlackFideId "4157176"]
[WhiteElo "2057"]
[BlackElo "2305"]
[Result "0-1"]
[Round "11"]
[TimeControl "180+2"]
[Date "2023.05.23"]
[WhiteClock "0:00:03"]
[BlackClock "0:00:38"]

1. d4 Nf6 2. Nf3 e6 3. Bg5 c5 4. e3 Qb6 5. Qc1 Ne4 6. Bf4 d5 7. c3 Nc6 8. Nbd2 Nxd2 9. Qxd2 Bd7 10. Bd3 cxd4 11. exd4 Na5 12. O-O Bb5 13. Bc7 Qxc7 14. Bxb5+ Nc6 15. Ne5 Bd6 16. Rae1 O-O 17. f4 g6 18. Bd3 Rab8 19. Rf3 b5 20. Rh3 b4 21. f5 Nxe5 22. dxe5 Bc5+ 23. Kh1 exf5 24. Qh6 f6 25. e6 Qg7 26. Qf4 bxc3 27. bxc3 Rbd8 28. Bxf5 Bd6 29. Qf3 Rfe8 30. e7 Bxe7 31. Be6+ Kh8 32. Bxd5 Bc5 33. Rxe8+ Rxe8 34. g3 Re1+ 35. Kg2 Rg1# 0-1


[Site "https://www.chess.com"]

[Event "Titled Tuesday Blitz May 23 Early 2023"]
[White "Sukandar, Irine Kharisma"]
[Black "Melikhov, Evgeny V."]
[WhiteFideId "7101937"]
[BlackFideId "4122046"]
[WhiteElo "2315"]
[BlackElo "2158"]
[Result "1-0"]
[Round "11"]
[TimeControl "180+2"]
[Date "2023.05.23"]
[WhiteClock "0:00:33"]
[BlackClock "0:00:00"]

1. c4 e6 2. Nc3 d5 3. cxd5 exd5 4. d4 Bb4 5. Qa4+ Nc6 6. Nf3 Nf6 7. a3 Bxc3+ 8. bxc3 O-O 9. e3 Qd6 10. Be2 b6 11. O-O Na5 12. Ne5 c5 13. Qc2 c4 14. a4 Nb3 15. Ba3 Nxa1 16. Rxa1 Qc7 17. Bxf8 Kxf8 18. Bf3 Bb7 19. Qf5 Rd8 20. Ng6+ hxg6 21. Qg5 Kg8 22. h4 Bc6 23. h5 Nxh5 24. Bxh5 gxh5 25. Qxh5 Qd6 26. g3 Qg6 27. Qh4 Re8 28. Qf4 a6 29. Qc7 b5 30. axb5 axb5 31. Ra6 Re6 32. Qd8+ Be8 33. Ra8 Qb1+ 34. Kg2 Qe4+ 35. Kg1 Kh7 36. Kf1 Rh6 37. Qxe8 Rh1+ 38. Ke2 Qd3+ 39. Kf3 Qd1+ 40. Kf4 Qh5 41. Qh8+ Kg6 42. Ra6+ f6 43. Qe8+ Kh6 44. Qxh5+ Rxh5 45. Rb6 1-0


[Site "https://www.chess.com"]

[Event "Titled Tuesday Blitz May 23 Early 2023"]
[White "Kotepalli, Sai Nirupama"]
[Black "Yelisieiev, Yevhenii"]
[WhiteFideId "5039444"]
[BlackFideId "14139642"]
[WhiteElo "2361"]
[BlackElo "2403"]
[Result "0-1"]
[Round "11"]
[TimeControl "180+2"]
[Date "2023.05.23"]
[WhiteClock "0:00:05"]
[BlackClock "0:00:15"]

1. d4 d6 2. Bf4 Nf6 3. e3 Nbd7 4. Nf3 g6 5. h3 Bg7 6. Be2 O-O 7. Nbd2 b6 8. a4 a5 9. O-O Bb7 10. c3 e6 11. Qc2 Qe7 12. Bh2 e5 13. dxe5 dxe5 14. e4 Rfe8 15. Bd3 Rad8 16. Nb3 Nh5 17. Rad1 Nf4 18. Bb5 Rf8 19. Bxd7 Rxd7 20. Rxd7 Qxd7 21. Bxf4 exf4 22. Nc1 f5 23. Qb3+ Kh8 24. Ng5 fxe4 25. Ne6 Re8 26. Nxg7 Kxg7 27. Qc4 Qf7 28. Qd4+ Qf6 29. Qxf6+ Kxf6 30. Nb3 Bc6 31. Ra1 Bd7 32. Kf1 c5 33. Nd2 Bc6 34. b3 e3 35. fxe3 Rxe3 36. Rc1 Rg3 37. Nc4 Bxg2+ 38. Kf2 Bxh3 39. Nxb6 Be6 0-1


[Site "https://www.chess.com"]

[Event "Titled Tuesday Blitz May 23 Early 2023"]
[White "Fernandez Garcia, Gumersindo"]
[Black "Hajiyev, Kanan"]
[WhiteFideId "24516740"]
[BlackFideId "13404148"]
[WhiteElo "2093"]
[BlackElo "2103"]
[Result "0-1"]
[Round "11"]
[TimeControl "180+2"]
[Date "2023.05.23"]
[WhiteClock "0:00:17"]
[BlackClock "0:00:27"]

1. e4 e5 2. f4 d5 3. fxe5 Qh4+ 4. Ke2 Qxe4+ 5. Kf2 Bc5+ 6. d4 Bxd4+ 7. Kg3 Bxe5+ 8. Kf2 Bd4+ 9. Kg3 h5 10. h4 Nf6 11. Bd3 Be5+ 12. Kf2 Ng4+ 13. Kf1 Ne3+ 14. Bxe3 Qxe3 15. Nc3 c6 16. Qe1 Qf4+ 17. Nf3 Nd7 18. Qf2 O-O 19. Re1 Bc7 20. Ng5 Qxf2+ 21. Kxf2 Nf6 22. Rhf1 Bb6+ 23. Kg3 Bg4 24. Re7 Rab8 25. Be2 Bc5 26. Re5 Bd6 27. Kf4 Rfe8 28. Bxg4 Nxg4 29. Nf3 Nxe5 30. Nxe5 Rxe5 31. Kf3 Rbe8 32. Rd1 0-1


[Site "https://www.chess.com"]

[Event "Titled Tuesday Blitz May 23 Early 2023"]
[White "Topalov, Aleksandar"]
[Black "Korkmaz, Necmettin"]
[WhiteFideId "925659"]
[BlackFideId "6303285"]
[WhiteElo "2151"]
[BlackElo "2097"]
[Result "1-0"]
[Round "11"]
[TimeControl "180+2"]
[Date "2023.05.23"]
[WhiteClock "0:01:38"]
[BlackClock "0:00:41"]

1. b3 e5 2. Bb2 Nc6 3. c4 Nf6 4. e3 d5 5. cxd5 Nxd5 6. a3 Be7 7. Qc2 O-O 8. Nf3 f6 9. d3 Be6 10. Nbd2 Qd7 11. Be2 Rad8 12. O-O Na5 13. d4 exd4 14. Nxd4 Bf7 15. b4 c5 16. bxa5 cxd4 17. Bxd4 Rc8 18. Qb2 Rfd8 19. Nf3 b6 20. axb6 axb6 21. Rfc1 Bc5 22. Bb5 Qg4 23. h3 Qe4 24. Ba6 Rc7 25. a4 Nb4 26. Be2 Nd3 27. Bxd3 Qxd3 28. Rd1 Qg6 29. Bxc5 Rxd1+ 30. Rxd1 bxc5 31. Qb8+ Be8 32. Qxc7 1-0


[Site "https://www.chess.com"]

[Event "Titled Tuesday Blitz May 23 Early 2023"]
[White "Hinds, Nathan"]
[Black "Barbot, Pierre"]
[WhiteFideId "7400730"]
[BlackFideId "663727"]
[WhiteElo "2001"]
[BlackElo "2431"]
[Result "0-1"]
[Round "11"]
[TimeControl "180+2"]
[Date "2023.05.23"]
[WhiteClock "0:00:27"]
[BlackClock "0:00:17"]

1. Nf3 Nf6 2. d4 d5 3. c4 g6 4. g3 Bg7 5. Bg2 dxc4 6. Qa4+ c6 7. Qxc4 O-O 8. Bg5 Be6 9. Qc1 Nbd7 10. Bh6 Rc8 11. Bxg7 Kxg7 12. O-O c5 13. dxc5 Nxc5 14. Nc3 Nce4 15. Ng5 Nxg5 16. Qxg5 Qb6 17. Na4 Qb4 18. b3 b5 19. Nb2 h6 20. Nd3 Qa5 21. Qe5 Qb6 22. Rac1 a6 23. Nf4 Bg4 24. e3 Qd6 25. Qb2 e5 26. Ne2 Rfd8 27. f3 Be6 28. f4 Rxc1 29. Rxc1 Qd2 30. Qxd2 Rxd2 31. Nc3 Ng4 32. Re1 Rc2 33. Ne4 Rxa2 34. fxe5 Nxe5 35. Nc5 a5 36. Ne4 a4 37. Nd6 axb3 38. Be4 b2 39. Rb1 Ra1 40. Kf2 Rxb1 41. Bxb1 Nc4 42. Ne4 Na3 43. Nc3 Nxb1 44. Nxb1 Ba2 45. Nc3 b1=Q 46. Nxb1 Bxb1 47. Ke2 Be4 48. Kd2 Bc6 49. Kc3 Kf6 50. Kd4 Be8 51. e4 Ke6 52. e5 b4 53. g4 b3 54. h4 b2 55. Ke4 b1=Q+ 56. Kf4 Qb4+ 57. Kg3 Kxe5 58. h5 Qf4+ 59. Kh4 Qg5+ 60. Kh3 gxh5 61. gxh5 Qxh5+ 62. Kg3 Qg5+ 63. Kh2 Bd7 64. Kh1 Kf4 65. Kh2 Kf3 66. Kh1 Qg2# 0-1


[Site "https://www.chess.com"]

[Event "Titled Tuesday Blitz May 23 Early 2023"]
[White "Zavortink, Matt"]
[Black "Ovezdurdyyeva, Jemal"]
[WhiteFideId "2034263"]
[BlackFideId "14001888"]
[WhiteElo "2448"]
[BlackElo "2043"]
[Result "1-0"]
[Round "11"]
[TimeControl "180+2"]
[Date "2023.05.23"]
[WhiteClock "0:00:34"]
[BlackClock "0:00:12"]

1. d4 Nf6 2. Bf4 e6 3. e3 d5 4. Nf3 Be7 5. Ne5 Nbd7 6. Nd2 Ne4 7. Bd3 Ndf6 8. O-O O-O 9. c3 c5 10. Nxe4 dxe4 11. Be2 Nd5 12. Bg3 a6 13. a4 f6 14. Nc4 Bd7 15. Nd2 f5 16. Nc4 f4 17. exf4 Nxf4 18. Bxf4 Rxf4 19. Ne5 Be8 20. Bc4 Qd6 21. g3 Rf5 22. Qg4 Kh8 23. Qxe4 cxd4 24. cxd4 Rd8 25. Rad1 Bf6 26. Bb3 Qb6 27. Bc2 Qxb2 28. g4 Rg5 29. Qxh7# 1-0


[Site "https://www.chess.com"]

[Event "Titled Tuesday Blitz May 23 Early 2023"]
[White "Rose, Felix"]
[Black "Pasti, Aron"]
[WhiteFideId "5105722"]
[BlackFideId "785857"]
[WhiteElo "2039"]
[BlackElo "2173"]
[Result "0-1"]
[Round "11"]
[TimeControl "180+2"]
[Date "2023.05.23"]
[WhiteClock "0:00:19"]
[BlackClock "0:00:09"]

1. e4 e5 2. Nf3 Nc6 3. Bb5 a6 4. Ba4 Nf6 5. O-O Be7 6. Bxc6 dxc6 7. d3 Bd6 8. h3 O-O 9. b3 Re8 10. Bb2 Bd7 11. Nbd2 Nh5 12. Nc4 Nf4 13. Ncxe5 Bxe5 14. Bxe5 Rxe5 15. Nxe5 Qg5 16. Ng4 h5 17. h4 Qxg4 18. Qxg4 Bxg4 19. f3 Be6 20. Kf2 Rd8 21. g3 Ng6 22. Ke3 c5 23. f4 Bg4 24. c3 Ne7 25. f5 Nc6 26. Rf2 Ne5 27. d4 cxd4+ 28. cxd4 Nc6 29. Rd2 Re8 30. Kf4 f6 31. Rc1 Re7 32. Rc5 Kf7 33. Rd5 Nb4 34. Rd8 Nc6 35. Rc8 Rd7 36. d5 Ne5 37. Rc2 c6 38. Rd2 cxd5 39. Rxd5 Rxd5 40. exd5 Nd3+ 41. Ke3 Ne5 42. Rc7+ Ke8 43. Rxb7 g6 44. fxg6 Nxg6 45. d6 Ne5 46. b4 Nc6 47. a3 Ne5 48. Ke4 Nc4 49. Kd5 Nxa3 50. Rb8+ Kd7 51. Rb7+ Kc8 52. Kc6 Bf3+ 53. Kb6 Bxb7 54. d7+ Kxd7 55. Kxb7 Ke6 56. Kxa6 Kf5 57. Ka5 Kg4 58. Ka4 Nc4 59. Kb5 Ne5 60. Kc5 Nd3+ 61. Kc4 Nxb4 62. Kxb4 Kxg3 63. Kc4 f5 64. Kd4 f4 65. Ke5 f3 66. Kf5 f2 67. Kg5 f1=Q 68. Kxh5 Kf4 69. Kh6 Kf5 70. h5 Qh3 71. Kg7 Qxh5 72. Kf8 Qh8+ 73. Ke7 Ke5 74. Kd7 Qf6 75. Kc7 Qd6+ 76. Kb7 Kd5 77. Kc8 Qe7 78. Kb8 Kc6 0-1


[Site "https://www.chess.com"]

[Event "Titled Tuesday Blitz May 23 Early 2023"]
[White "Fiedorek, Michal"]
[Black "Buscar, Michael"]
[WhiteFideId "1199528"]
[BlackFideId "2603616"]
[WhiteElo "2135"]
[BlackElo "2010"]
[Result "1-0"]
[Round "11"]
[TimeControl "180+2"]
[Date "2023.05.23"]
[WhiteClock "0:00:36"]
[BlackClock "0:00:25"]

1. e4 c5 2. Nf3 Nc6 3. d4 cxd4 4. Nxd4 Nf6 5. Nc3 e5 6. Ndb5 h6 7. Nd6+ Bxd6 8. Qxd6 Qe7 9. Qxe7+ Kxe7 10. Be3 d6 11. f3 Rd8 12. O-O-O Be6 13. h4 d5 14. exd5 Nxd5 15. Nxd5+ Rxd5 16. Rxd5 Bxd5 17. Bd3 Rc8 18. a3 Nd4 19. Re1 Nc6 20. Kb1 Be6 21. b3 Rd8 22. Kb2 Kf6 23. g4 Nd4 24. g5+ hxg5 25. Bxg5# 1-0


[Site "https://www.chess.com"]

[Event "Titled Tuesday Blitz May 23 Early 2023"]
[White "Golubev, Mikhail"]
[Black "mohsengabr2002"]
[WhiteFideId "14100983"]
[WhiteElo "2374"]
[BlackElo "2297"]
[Result "1-0"]
[Round "11"]
[TimeControl "180+2"]
[Date "2023.05.23"]
[WhiteClock "0:00:10"]
[BlackClock "0:00:05"]

1. e4 c5 2. Ne2 d6 3. d4 cxd4 4. Nxd4 a6 5. Nc3 e5 6. Nf5 Bxf5 7. exf5 Be7 8. Bc4 h6 9. Qd5 Nf6 10. Qxf7+ Kd7 11. Be3 Qf8 12. Qe6+ Kc7 13. O-O-O Nc6 14. Nd5+ Nxd5 15. Qxd5 Qxf5 16. a4 Rad8 17. Kb1 Bg5 18. Bd3 Qf6 19. Be4 Bxe3 20. fxe3 Rhf8 21. Rhf1 Qe7 22. Rf3 Rxf3 23. gxf3 g5 24. Rd3 Rb8 25. Rc3 Qd7 26. a5 Qe8 27. Qb3 Qd8 28. Qb6+ Kd7 29. Bxc6+ bxc6 30. Qxc6+ Ke7 31. Qxa6 Ra8 32. Qb7+ Ke6 33. a6 Rb8 34. Qc7 Qxc7 35. Rxc7 Ra8 36. a7 d5 37. Kc1 e4 38. fxe4 dxe4 39. Kd2 h5 40. Ke2 Kd6 41. Rg7 g4 42. b4 Kc6 43. c4 Kb6 44. Kf2 Rf8+ 45. Kg2 h4 46. c5+ Kb5 47. Rb7+ Kc4 48. Rb8 h3+ 49. Kg1 Rf3 50. a8=Q Rxe3 51. Qa2+ Kd4 52. Rd8+ Ke5 53. Qd5+ Kf6 54. Rf8+ Ke7 55. Rf7+ Ke8 56. Qd7# 1-0


[Site "https://www.chess.com"]

[Event "Titled Tuesday Blitz May 23 Early 2023"]
[White "Pg, Mohd Omar Ak Hira"]
[Black "Toktomushev, Teimur"]
[WhiteFideId "10500103"]
[BlackFideId "14176726"]
[WhiteElo "2167"]
[BlackElo "2116"]
[Result "0-1"]
[Round "11"]
[TimeControl "180+2"]
[Date "2023.05.23"]
[WhiteClock "0:01:10"]
[BlackClock "0:00:06"]

1. e4 c5 2. Nf3 e6 3. d4 cxd4 4. Nxd4 a6 5. Be2 Nc6 6. O-O Qc7 7. Nc3 Nxd4 8. Qxd4 Bd6 9. h3 Nf6 10. Bf3 Be5 11. Qe3 b5 12. Ne2 Bb7 13. c3 h5 14. Nd4 Ng4 15. Qg5 Bxd4 16. cxd4 Qh2# 0-1


[Site "https://www.chess.com"]

[Event "Titled Tuesday Blitz May 23 Early 2023"]
[White "Kirillov, Dmitry"]
[Black "lluiss"]
[WhiteFideId "34180572"]
[WhiteElo "2161"]
[BlackElo "2265"]
[Result "1-0"]
[Round "11"]
[TimeControl "180+2"]
[Date "2023.05.23"]
[WhiteClock "0:01:02"]
[BlackClock "0:00:18"]

1. e4 c5 2. Nc3 d6 3. f4 g6 4. Nf3 Bg7 5. Bc4 Nc6 6. d3 e6 7. O-O Nge7 8. Qe1 h6 9. Qh4 a6 10. a4 Nd4 11. Nxd4 cxd4 12. Ne2 Rb8 13. Bd2 Nc6 14. Qg3 Ne7 15. Rae1 d5 16. exd5 Nxd5 17. f5 Qc7 18. fxg6 Qxg3 19. gxf7+ Ke7 20. Nxg3 Nf6 21. Bf4 Bd7 22. Nf5+ Kxf7 23. Be5 Rbf8 24. Bxd4 Rhg8 25. Re3 Ke8 26. Nxg7+ 1-0


[Site "https://www.chess.com"]

[Event "Titled Tuesday Blitz May 23 Early 2023"]
[White "Martin, Lewis"]
[Black "Pinto, Daniel"]
[WhiteFideId "410551"]
[BlackFideId "3303144"]
[WhiteElo "2145"]
[BlackElo "2145"]
[Result "1-0"]
[Round "11"]
[TimeControl "180+2"]
[Date "2023.05.23"]
[WhiteClock "0:00:03"]
[BlackClock "0:00:01"]

1. e4 c5 2. Nf3 Nc6 3. d4 cxd4 4. Nxd4 Nf6 5. Nc3 e5 6. Ndb5 h6 7. Nd6+ Bxd6 8. Qxd6 Qe7 9. Qxe7+ Kxe7 10. Bc4 d6 11. Be3 a6 12. f3 Be6 13. Bxe6 fxe6 14. O-O-O b5 15. a3 Na5 16. g4 Nc4 17. Bf2 Rhc8 18. Rd3 Rab8 19. Na2 a5 20. Rhd1 d5 21. exd5 exd5 22. h4 e4 23. fxe4 dxe4 24. Rd4 g5 25. hxg5 hxg5 26. Bg3 Rb7 27. b3 Ne3 28. R1d2 Nexg4 29. Kb2 Rd7 30. Rxd7+ Nxd7 31. Nc3 Ndf6 32. Nxb5 e3 33. Re2 Ne4 34. Be1 Rd8 35. Bxa5 Rd5 36. Bb4+ Ke6 37. Nc7+ Ke5 38. Nxd5 Kxd5 39. a4 Kd4 40. Be1 Ne5 41. a5 Nc6 42. a6 Nc5 43. b4 Na4+ 44. Kb3 Nb6 45. Bc3+ Ke4 46. b5 Na7 47. Kb4 Kf3 48. Re1 e2 49. Rh1 Nd5+ 50. Kc4 Nxc3 51. Kxc3 Nxb5+ 52. Kd2 Nd4 53. c3 Nb3+ 54. Kc2 Nc5 55. a7 g4 56. a8=Q+ 1-0


[Site "https://www.chess.com"]

[Event "Titled Tuesday Blitz May 23 Early 2023"]
[White "Jakubowska, Anna"]
[Black "Sanudula, K M Dahamdi"]
[WhiteFideId "1121952"]
[BlackFideId "9932470"]
[WhiteElo "2001"]
[BlackElo "1556"]
[Result "1/2-1/2"]
[Round "11"]
[TimeControl "180+2"]
[Date "2023.05.23"]
[WhiteClock "0:00:09"]
[BlackClock "0:00:07"]

1. e4 d5 2. exd5 Qxd5 3. Nc3 Qa5 4. Bc4 Nf6 5. d4 Bf5 6. Ne2 e6 7. O-O c6 8. Ng3 Bg6 9. Bd2 Be7 10. Nd5 Qd8 11. Nxe7 Qxe7 12. a3 O-O 13. Bb4 Qd7 14. Bxf8 Kxf8 15. c3 b5 16. Bd3 Na6 17. Bxg6 hxg6 18. Qf3 Rd8 19. Rad1 Nc7 20. Rfe1 Ncd5 21. Ne4 Nxe4 22. Qxe4 Nb6 23. h3 Nc4 24. Qe2 Qd6 25. Rd3 a5 26. Red1 a4 27. Rf3 Kg8 28. Re1 Qe7 29. Qe4 Nd2 30. Qxc6 Nxf3+ 31. Qxf3 Qg5 32. Kh2 Qd2 33. Re2 Qd1 34. Qe3 Qb3 35. Qe5 Rd5 36. Qb8+ Kh7 37. Qe8 Rf5 38. Qc6 Qd1 39. Qe4 Rg5 40. Qh4+ Rh5 41. Qg4 Rf5 42. Re5 Qc2 43. Qh4+ Kg8 44. Rxf5 gxf5 45. Qd8+ Kh7 46. Qd7 Qxb2 47. Qxf7 Qxf2 48. Qxe6 Qf4+ 49. Kg1 Qc1+ 50. Kf2 Qf4+ 51. Ke1 Qc1+ 52. Ke2 Qc2+ 53. Kf1 Qc1+ 54. Qe1 Qxa3 55. Qh4+ Kg8 56. Qd8+ Qf8 57. Qd5+ Kh7 58. Qxb5 a3 59. Qa5 Kh8 60. Kg1 Qe7 61. Qxf5 a2 62. Qh5+ Kg8 63. Qd5+ Qf7 64. Qa8+ Kh7 65. d5 a1=Q+ 66. Qxa1 Qxd5 67. Qb1+ Kh8 68. Qc2 Qc5+ 69. Kh1 Qe5 70. Qd2 Qf5 71. Qd8+ Kh7 72. Qd2 Qf1+ 73. Kh2 Qf5 74. g4 Qe5+ 75. Kg2 Qe4+ 76. Kf2 Qh1 77. Qd3+ Kh8 78. c4 Qh2+ 79. Ke1 Qh1+ 80. Kd2 Qh2+ 81. Kc3 Qe5+ 82. Qd4 Qg3+ 83. Kb4 Qb8+ 84. Kc3 Qg3+ 85. Qd3 Qe5+ 86. Kb3 Qb8+ 87. Kc2 Qh2+ 88. Kc3 Qe5+ 1/2-1/2


[Site "https://www.chess.com"]

[Event "Titled Tuesday Blitz May 23 Early 2023"]
[White "ChesscularGodofchess"]
[Black "Petrova, Irina"]
[BlackFideId "14124122"]
[WhiteElo "2185"]
[BlackElo "2084"]
[Result "0-1"]
[Round "11"]
[TimeControl "180+2"]
[Date "2023.05.23"]
[WhiteClock "0:01:31"]
[BlackClock "0:01:33"]

1. d4 d6 2. Nf3 g6 3. Nbd2 Bg7 4. e4 Nf6 5. Bc4 O-O 6. O-O Nc6 7. c3 e5 8. dxe5 Nxe5 9. Nxe5 dxe5 10. Qc2 c6 11. a4 Qe7 12. b3 Be6 13. Ba3 c5 14. Rfd1 b6 15. f3 Nh5 16. Bxe6 Qxe6 17. Nc4 Nf4 18. Rd6 Qe7 19. Rad1 Qg5 20. Kf1 f5 21. Bc1 fxe4 22. Bxf4 Qxf4 23. Qd2 exf3 24. Qd5+ Kh8 25. g3 Qf5 26. Ne3 Qh3+ 27. Kg1 f2+ 28. Kh1 f1=Q+ 29. Rxf1 Rxf1+ 30. Nxf1 Qxf1# 0-1


[Site "https://www.chess.com"]

[Event "Titled Tuesday Blitz May 23 Early 2023"]
[White "Acikel, Mert"]
[Black "Kabilov, Amin"]
[WhiteFideId "12956465"]
[BlackFideId "14700859"]
[WhiteElo "2097"]
[BlackElo "2110"]
[Result "1-0"]
[Round "11"]
[TimeControl "180+2"]
[Date "2023.05.23"]
[WhiteClock "0:00:19"]
[BlackClock "0:00:00"]

1. e4 e5 2. Nf3 d6 3. d4 exd4 4. Nxd4 Nf6 5. Nc3 Be7 6. Bf4 O-O 7. Qd2 d5 8. exd5 Nxd5 9. Nxd5 Qxd5 10. Nb3 Re8 11. Be3 Qc6 12. O-O-O Bf5 13. Nd4 Qg6 14. Nxf5 Qxf5 15. Bd3 Qe6 16. Kb1 Nc6 17. Rhe1 Nb4 18. b3 Nxd3 19. Qxd3 Bf6 20. Bd2 Qc6 21. f3 Red8 22. Qe4 Qc5 23. Bb4 Rxd1+ 24. Rxd1 Qb5 25. a4 Qa6 26. g4 h6 27. f4 c5 28. Bxc5 Rc8 29. Bd4 Bxd4 30. Qxd4 Qc6 31. Rd2 b5 32. Qxa7 bxa4 33. Qxa4 Qc3 34. Qd4 Qa5 35. Kb2 Ra8 36. Qa4 Qxd2 37. Qxa8+ Kh7 38. Qe4+ g6 39. h3 Qa5 40. f5 Kg7 41. fxg6 fxg6 42. Qe7+ Kg8 43. Qe8+ Kg7 44. Qd7+ Kg8 45. Qc8+ Kg7 46. Qc3+ 1-0


[Site "https://www.chess.com"]

[Event "Titled Tuesday Blitz May 23 Early 2023"]
[White "Novikova, Galina"]
[Black "Torres Dominguez, David"]
[WhiteFideId "4157095"]
[BlackFideId "2220857"]
[WhiteElo "1953"]
[BlackElo "1999"]
[Result "1-0"]
[Round "11"]
[TimeControl "180+2"]
[Date "2023.05.23"]
[WhiteClock "0:00:15"]
[BlackClock "0:00:00"]

1. e4 e5 2. Nf3 Nc6 3. Bc4 Bc5 4. b4 Bxb4 5. c3 Be7 6. d4 Nf6 7. dxe5 Ng4 8. Bf4 d6 9. exd6 cxd6 10. O-O O-O 11. Nbd2 Qc7 12. Bb3 Nce5 13. h3 Nf6 14. Nxe5 dxe5 15. Bg3 Rd8 16. Qe2 Qxc3 17. Nf3 Bd6 18. Ng5 Rf8 19. Rfd1 Ba3 20. Nxf7 Rxf7 21. Rd8+ Bf8 22. Rad1 Qc7 23. Qb5 a6 24. Qxe5 Qxe5 25. Bxe5 b6 26. Bd6 Bb7 27. Rxa8 Bxa8 28. Bxf8 Kxf8 29. Rd8+ Ke7 30. Rxa8 Rf8 31. Ra7+ Kd6 32. f3 g6 33. Rxa6 Kc5 34. Ra7 Ne8 35. Rxh7 Nd6 36. Rg7 Nb5 37. Rxg6 Nd4 38. Kh2 Ne2 39. e5 b5 40. e6 Re8 41. Rg7 b4 42. Rc7+ Kd6 43. Rd7+ Kc6 44. h4 Nf4 45. Rd4 Nxe6 46. Bxe6 Rxe6 47. Rxb4 Kc5 48. Rg4 Re2 49. a4 Ra2 50. Kg3 Kd6 51. Re4 Rb2 52. h5 Rb7 53. Kh3 Kd5 54. g4 Rg7 55. Kg3 Kd6 56. Rf4 Rh7 57. Rf5 Ke6 58. a5 1-0


[Site "https://www.chess.com"]

[Event "Titled Tuesday Blitz May 23 Early 2023"]
[White "Kriti Mayur Patel"]
[Black "Kohler, Aran"]
[WhiteFideId "35061780"]
[BlackFideId "1002856"]
[WhiteElo "1306"]
[BlackElo "2384"]
[Result "1-0"]
[Round "11"]
[TimeControl "180+2"]
[Date "2023.05.23"]
[WhiteClock "0:01:48"]
[BlackClock "0:00:21"]

1. e4 c5 2. d4 cxd4 3. c3 dxc3 4. Nxc3 Nc6 5. Nf3 d6 6. Bc4 e6 7. O-O a6 8. Qe2 Be7 9. Rd1 Qc7 10. Bf4 Ne5 11. Nxe5 dxe5 12. Be3 b5 13. Bb3 Nf6 14. Rac1 Qb8 15. Qd2 O-O 16. f4 Bb7 17. f5 b4 18. Na4 Nxe4 19. Qe2 exf5 20. Nb6 f4 21. Nd7 Qe8 22. Bb6 Nd6 23. Nxf8 Qxf8 24. Qxe5 f3 25. Rc7 fxg2 26. Rxe7 Kh8 27. Qxd6 f6 28. Rxb7 Qe8 29. Qe7 Qh5 30. Qxg7# 1-0


[Site "https://www.chess.com"]

[Event "Titled Tuesday Blitz May 23 Early 2023"]
[White "Zampronha, Wladimir Camilo"]
[Black "KorolDimitriy75"]
[WhiteFideId "2103087"]
[WhiteElo "2176"]
[BlackElo "2412"]
[Result "1-0"]
[Round "11"]
[TimeControl "180+2"]
[Date "2023.05.23"]
[WhiteClock "0:00:31"]
[BlackClock "0:00:00"]

1. e4 c5 2. Nf3 d6 3. d4 cxd4 4. Nxd4 Nf6 5. Nc3 g6 6. Be3 Bg7 7. f3 O-O 8. Qd2 Nc6 9. Bc4 Bd7 10. O-O-O Qa5 11. Bb3 Rfc8 12. Kb1 Ne5 13. Nd5 Qxd2 14. Nxf6+ Bxf6 15. Rxd2 Nc4 16. Bxc4 Rxc4 17. Rhd1 b5 18. Ne2 b4 19. Bd4 Kg7 20. Bxf6+ Kxf6 21. Rd4 Rac8 22. Rxc4 Rxc4 23. Kc1 g5 24. Kd2 Be6 25. c3 Ke5 26. cxb4 Rxb4 27. b3 h5 28. Ke3 f5 29. exf5 Bxf5 30. g3 e6 31. f4+ gxf4+ 32. gxf4+ Kf6 33. Ng3 h4 34. Nxf5 Kxf5 35. Rxd6 Re4+ 36. Kd3 Rxf4 37. Rd7 Rf3+ 38. Ke2 Rh3 39. Rxa7 Rxh2+ 40. Ke3 Rh3+ 41. Kd4 Rh2 42. b4 h3 43. a4 e5+ 44. Kc5 Rc2+ 45. Kb6 h2 46. Rh7 e4 47. a5 e3 48. a6 e2 49. Rxh2 e1=Q 50. Rxc2 Qxb4+ 51. Ka7 Qd4+ 52. Kb8 Qb6+ 53. Kc8 Qxa6+ 54. Kd8 Qa5+ 55. Rc7 Qe5 56. Rd7 Qf6+ 57. Kc7 Qc3+ 58. Kd6 1-0


[Site "https://www.chess.com"]

[Event "Titled Tuesday Blitz May 23 Early 2023"]
[White "Osinovsky, Stepan"]
[Black "chessjazda"]
[WhiteFideId "4157354"]
[WhiteElo "2222"]
[BlackElo "2281"]
[Result "0-1"]
[Round "11"]
[TimeControl "180+2"]
[Date "2023.05.23"]
[WhiteClock "0:00:00"]
[BlackClock "0:01:39"]

1. Nf3 c6 2. g3 d5 3. Bg2 Bf5 4. O-O Nf6 5. d3 e6 6. b3 Be7 7. Bb2 O-O 8. Nbd2 Nbd7 9. c4 Rc8 10. Rc1 a6 11. Rc2 b5 12. Qa1 Qb6 13. Rfc1 Rfd8 14. cxd5 exd5 15. Nd4 Bg4 16. Nxc6 Bc5 17. Ne7+ Kf8 18. Nxc8 Bxf2+ 19. Kf1 Qe3 20. Nf3 Bxf3 21. Bxf3 Bg1 22. Bd4 Qxd4 23. Qxd4 Bxd4 24. Na7 Bxa7 25. Rc8 Ke7 26. Rxd8 Kxd8 27. Rc6 Bb6 28. a4 bxa4 29. bxa4 a5 30. Ke1 Bc7 31. Ra6 Kc8 32. Rc6 Kb7 33. Rc2 Nb6 34. Rb2 Kc6 35. e4 Nxa4 36. exd5+ Kd6 37. Rc2 Nc5 38. d4 Nb3 39. Rc6+ Kd7 40. Rc4 Bd6 41. Kd1 Bb4 42. Rc6 Nd2 43. Bg2 Nb3 44. Rc4 Kd6 45. Rc6+ Kd7 46. Bh3+ Ke7 0-1


[Site "https://www.chess.com"]